AoeStats
← 夯賣電玩GTA5

Arabia

509399726Analyzed
2v2 RM · 6d ago on Sep 26, 2026· 31m 17s· 4 players
Game mode
Random Map
Map size
Medium (4 player)
Population
200
Speed
Normal
Resources
Standard
Victory
Conquest
Starting age
Dark Age
Ending age
Imperial Age
RankedLock teamsTeams togetherTeam positionsShared explorationLock speedFull tech treeHidden civsTurbo modeCheats
Victory
Defeat
🇩🇪 Celts · Germany
845
+16
🇩🇪 Ethiopians · Germany
836
+16
🇹🇼 Malay · Taiwan
879
-51
🇪🇸 Burgundians · Spain
792
-14
BigAttack
11:55 Feudal Age
12:11 Man-at-Arms
13:05 Double-Bit Axe
14:20 Horse Collar
14:54 Arson
16:28 Wheelbarrow
16:13 Scale Mail Armor
18:58 Forging
25:56 Castle Age
25:45 Stone Mining
25:46 Gold Mining
27:37 Iron Casting
26:49 Long Swordsman
27:20 Gambesons
28:41 Gold Shaft Mining
28:28 Hand Cart
29:03 Chain Mail Armor
Kingslayer
7:59 Loom
10:32 Feudal Age
11:36 Double-Bit Axe
13:28 Wheelbarrow
16:13 Horse Collar
17:09 Gold Mining
17:41 Fletching
21:20 Castle Age
21:52 Padded Archer Armor
22:15 Bow Saw
21:56 Crossbowman
23:06 Scale Mail Armor
25:48 Squires
25:34 Arson
26:02 Forging
25:47 Bodkin Arrow
26:28 Ballistics
夯賣電玩GTA5
serto4713
10:00 Loom
12:25 Feudal Age
12:56 Wheelbarrow
13:02 Town Watch
13:33 Double-Bit Axe
21:16 Castle Age
20:24 Scale Barding Armor
20:29 Forging
21:45 Hand Cart
23:04 Iron Casting
23:39 Husbandry
24:08 Cavalier
28:26 Chain Barding Armor
Connection lost

Rejoining the realm…

Still unreachable

The connection could not be restored.

Session expired

The server has moved on; the page needs a fresh start.